 Dungeon Crawl Stone Soup version 0.24-a0-244-ga6a6ab7 (webtiles) character file.

Game seed: 1133593918615665414

57234 Lanoc the Severer (level 14, -3/127 HPs)
             Began as a Minotaur Gladiator on Apr 11, 2019.
             Was the Champion of Cheibriados.
             Killed by divine providence
             ... invoked by an orc priest
              (12 damage)
             ... on level 2 of the Orcish Mines.
             The game lasted 00:37:31 (13642 turns).

Lanoc the Severer (Minotaur Gladiator)             Turns: 13642, Time: 00:37:33

Health: -3/127     AC: 14    Str: 33    XL:     14   Next: 45%
Magic:  19/19      EV: 29    Int: 15    God:    Cheibriados [******]
Gold:   2055       SH:  7    Dex: 38    Spells: 13/13 levels left

rFire    + + .     SeeInvis .   G - +2 war axe (elec)
rCold    + + +     Gourm    .   t - +0 buckler
rNeg     . . .     Faith    +   d - +1 chain mail {rF+}
rPois    +         Spirit   .   c - +1 hat
rElec    +         Reflect  .   (no cloak)
rCorr    +         Harm     .   (no gloves)
MR       +....                  (no boots)
Stlth    ..........             s - amulet of Feinkat {Faith +Fly}
HPRegen  0.31/turn              z - +6 ring of evasion
MPRegen  0.16/turn              E - ring "Wumoi" {*Drain rC+++ Int-5 Dex+5 Slay+6}

@: resistant, very slow
A: retaliatory headbutt, horns 2
a: Bend Time, Temporal Distortion, Slouch, Step From Time, Renounce Religion,
Evoke Flight


You were on level 2 of the Orcish Mines.
You worshipped Cheibriados.
Cheibriados was exalted by your worship.
You were not hungry.

You visited 3 branches of the dungeon, and saw 17 of its levels.
You also visited: Sewer and Bailey.

You collected 2257 gold pieces.
You spent 202 gold pieces at shops.

Inventory:

Hand Weapons
 G - a +2 war axe of electrocution (weapon)
 H - a +1 broad axe of chopping
 I - a +0 blowgun
 J - a +0 hand axe of flaming
Missiles
 g - 270 arrows
 k - 13 curare-tipped needles
 n - 19 tomahawks of returning
 K - a throwing net (quivered)
Armour
 c - a +1 hat (worn)
 d - a +1 chain mail of fire resistance (worn)
 t - a +0 buckler (worn)
Jewellery
 s - the amulet of Feinkat (around neck) {Faith +Fly}
   (You took it off an orc priest on level 9 of the Dungeon)

   [amulet of faith]

   It allows you to gain divine favour quickly.
   It lets you fly.
 u - a cursed ring of attention {unknown}
 z - a +6 ring of evasion (left hand)
 C - the ring of the Morning {Fire rElec Str+4 Dex+4}
   (You took it off an orc wizard on level 9 of the Dungeon)

   [ring of fire]

   It enhances your fire magic.
   It affects your strength (+4).
   It affects your dexterity (+4).
   It protects you from fire.
   It makes you vulnerable to cold.
   It insulates you from electricity.
 E - the ring "Wumoi" (right hand) {*Drain rC+++ Int-5 Dex+5 Slay+6}
   (You took it off a centaur on level 9 of the Dungeon)

   [ring of dexterity]

   It affects your intelligence (-5).
   It affects your dexterity (+5).
   It affects your accuracy and damage with ranged weapons and melee attacks
   (+6).
   It renders you almost immune to cold.
   It causes draining when unequipped.
Wands
 e - a wand of iceblast (16)
 i - a wand of polymorph (17)
 w - a wand of disintegration (15)
 B - a wand of acid (19)
Scrolls
 a - a scroll of identify
 b - 5 scrolls of fog
 h - 8 scrolls of remove curse
 j - 2 scrolls of teleportation
 l - 2 scrolls of magic mapping
 m - 2 scrolls of immolation
 y - 2 scrolls of amnesia
 A - 2 scrolls of fear
 L - 2 scrolls of enchant weapon
Potions
 p - 2 potions of brilliance
 q - 2 potions of mutation
 v - 2 potions of resistance
 x - 3 potions of curing
 D - 3 potions of lignification
 F - a potion of flight
Miscellaneous
 r - a box of beasts
 M - a phantom mirror
Comestibles
 f - 26 rations


   Skills:
 + Level 12.9 Fighting
 * Level 17.5 Axes
 - Level 2.0 Throwing
 + Level 12.6 Armour
 + Level 12.1 Dodging
 + Level 9.2 Invocations


You had 13 spell levels left.
You didn't know any spells.
Your spell library contained the following spells:

 Spells                   Type           Power        Failure   Level  Hunger
 Sting                    Conj/Pois      #...         82%         1    ##.....
 Poisonous Vapours        Pois/Air       #.....       91%         2    ###....
 Mephitic Cloud           Conj/Pois/Air  #.......     99%         3    ####...
 Olgreb's Toxic Radiance  Pois           #.......     100%        4    #####..
 Bolt of Magma            Conj/Fire/Erth #.........   100%        5    ######.
 Iskenderun's Battlesphe  Conj/Chrm      #.......     100%        5    ######.
 Venom Bolt               Conj/Pois      #.........   100%        5    ######.
 Iron Shot                Conj/Erth      #.........   100%        6    #######
 Orb of Destruction       Conj           #.........   100%        7    #######
 Spellforged Servitor     Conj/Summ      #.........   100%        7    #######


Dungeon Overview and Level Annotations

Branches:
Dungeon (14/15)            Temple (1/1) D:7            Lair (0/6) D:9
    Orc (2/2) D:12            Elf (0/3) Orc:2        Vaults (0/5) D:13

Altars:
Ashenzari
Cheibriados
Fedhas
Gozag
Hepliaklqana
Kikubaaqudgha
Makhleb
Okawaru
Qazlal
Sif Muna
Xom
Zin

Shops:
D:8 %[?*   D:11 !

Annotations:
D:4 2 transporters
D:6 3 runed translucent doors, Redear's ghost, novice FeFi
D:14 1 runed translucent door, feelmyfire's ghost, journeyman MiWr


Innate Abilities, Weirdness & Mutations

You reflexively headbutt those who attack you in melee.
You have a pair of horns on your head.


Message History

You slash the orc priest! You headbutt the orc priest.
You kill the orc priest!
Cheibriados thoroughly appreciates the change of pace.
You hit the orc warrior.
Lightning courses through the orc warrior!
An orc priest comes into view.
The orc priest looks braver for a moment.
The orc priest invokes the aid of Beogh against you.
Beogh smites you!
* * * LOW HITPOINT WARNING * * *
The orc priest shouts!
You feel better. The orc warrior completely misses you.
You furiously retaliate!
You headbutt the orc warrior.
You feel better. You block the orc warrior's attack.
The orc priest calls down the wrath of Beogh upon you.
Beogh smites you!
* * * LOW HITPOINT WARNING * * *
The orc priest mumbles some strange prayers to Beogh against you.
Beogh smites you!
You die...

**************#.........# ###
*,,,,,,,,.....##.....#.## *,,
,,,,,,,,,......##....(### *****
,,,,,****#......#.......## **,**,
,,,,,,*,*.......#..(.....# *,,,*,
,,,,*,,,,,#...o.#.))....## **,,,,
,,,***,,,**#.oo.#[)).#### ***,,,,
,*,,*,,,,,*,,#oo#))...#,***,,,,,,
,**,,,*∩*,,,*#.o@).#.....,**,,,,,
,*,,,,∩,∩,,,,#..)).##.#...,**,,,,
,**,,,*∩*,,,*#.....#*##.#.*,,,,,,
,*,,*,,,,,*,,#..#..# *,,.**,,,,,,
,,,***,,,***....#..# **,,,**,,,,,
,,,,*,,,,,*.....#..# **,****,,,,
,,,,,,*,*,......#..# *** ****,,
,,,,,*****......#..# **,**,,
,,,,,,,,,,,,,,,**,,* *,,,**,


You could see an orc warrior, 4 orc priests and an orc wizard.

Vanquished Creatures
  Frances (D:14)
  An orc warlord (Orc:1)
  Nessos (D:13)
  Snorg (D:13)
  2 eidola (D:14)
  2 vault guards (D:13)
  A centaur warrior (D:14)
  A catoblepas (D:14)
  The ghost of xeno23 the Covert, a journeyman OpAs of Uskayaw (D:8)
  2 two-headed ogres
  3 orc high priests (Orc:2)
  A vampire mage (D:14)
  Urug (D:12)
  4 skeletal warriors (D:14)
  6 unseen horrors
  A wizard (D:13)
  3 phantasmal warriors (D:14)
  3 necromancers (D:13)
  2 wolf spider zombies (D:14)
  An orc sorcerer (Orc:2)
  2 cyclopes
  A deep elf mage (D:13)
  12 ugly things
  7 centaur zombies
  2 gargoyles
  2 komodo dragons
  A kobold demonologist (D:12)
  8 trolls
  A queen bee (D:12)
  A polar bear (D:13)
  6 meliai
  A hornet (D:12)
  A hippogriff (D:14)
  4 flying skulls (D:14)
  A shadow (D:12)
  A vampire (D:10)
  21 yaks
  A wyvern (D:13)
  3 water elementals (D:14)
  18 humans (D:13)
  A hungry ghost (D:10)
  A steam dragon (D:12)
  Menkaure (D:4)
  2 wargs
  Edmund (D:6)
  A water moccasin (D:10)
  2 soldier ants
  8 sky beasts
  An eye of draining (shapeshifter) (D:13)
  27 orc warriors
  2 black bears
  6 ice beasts
  An eye of draining (D:13)
  A hornet zombie (D:14)
  3 phantoms
  4 ogres
  4 centaurs
  9 big kobolds
  9 bullfrogs
  A gnoll sergeant (D:8)
  2 wyvern zombies (D:14)
  A wyvern skeleton (D:14)
  A water moccasin skeleton (D:5)
  A scorpion (D:13)
  14 killer bees
  4 electric eels (D:14)
  3 howler monkeys (D:8)
  4 crimson imps
  3 jellies
  2 bullfrog zombies
  11 hounds
  2 quasits
  3 bullfrog skeletons
  16 orc priests
  4 iguanas
  11 centaur skeletons
  21 orc wizards
  5 worker ants
  A worker ant zombie (D:10)
  6 gnolls
  24 adders
  7 shadow imps
  11 oozes (Sewer)
  3 adder skeletons
  2 worms
  2 dart slugs (D:5)
  16 leopard geckos
  52 orcs
  9 ball pythons (Sewer)
  14 giant cockroaches
  5 goblins
  3 hobgoblins
  4 jackals
  8 quokkas
  A bat (D:3)
  8 frilled lizards (Sewer)
  20 kobolds
  A leopard gecko skeleton (D:9)
  A quokka skeleton (D:7)
  A rat (D:1)
524 creatures vanquished.

Vanquished Creatures (others)
  A bullfrog skeleton (D:9)
  3 fungi (D:8)
  A plant (D:8)
5 creatures vanquished.

Grand Total: 529 creatures vanquished

Notes
Turn   | Place    | Note
-------+----------+-------------------------------------------
     0 | D:1      | Lanoc the Minotaur Gladiator began the quest for the Orb.
     0 | D:1      | Reached XP level 1. HP: 18/18 MP: 0/0
    60 | D:3      | Found a glowing drain.
    67 | D:3      | Noticed a hound
   118 | D:3      | Reached skill level 4 in Axes
   118 | D:3      | Reached XP level 2. HP: 21/25 MP: 1/1
   119 | D:3      | Reached skill level 1 in Armour
   122 | D:3      | Reached XP level 3. HP: 24/30 MP: 2/2
   190 | Sewer    | Entered a sewer
   255 | Sewer    | Reached XP level 4. HP: 25/38 MP: 3/3
   654 | Sewer    | Reached skill level 5 in Axes
   942 | Sewer    | Reached XP level 5. HP: 42/45 MP: 4/4
  1436 | D:3      | Reached XP level 6. HP: 52/52 MP: 5/5
  1586 | D:3      | Reached skill level 6 in Axes
  1591 | D:3      | Found a burning altar of Makhleb.
  1643 | D:3      | Found an ancient bone altar of Kikubaaqudgha.
  1660 | D:3      | Found an iron altar of Okawaru.
  1661 | D:3      | Found a glowing silver altar of Zin.
  1899 | D:4      | Found a transporter.
  1928 | D:4      | Found a transporter.
  2020 | D:4      | Found a hazy altar of Hepliaklqana.
  2097 | D:4      | Noticed Menkaure
  2104 | D:4      | Killed Menkaure
  2104 | D:4      | Reached XP level 7. HP: 56/60 MP: 6/6
  2154 | D:4      | Reached skill level 5 in Dodging
  2390 | D:4      | Reached skill level 7 in Axes
  2575 | D:5      | Entered Level 5 of the Dungeon
  2583 | D:5      | Reached skill level 5 in Fighting
  2758 | D:5      | Found a snail-covered altar of Cheibriados.
  2767 | D:5      | Became a worshipper of Cheibriados the Contemplative
  3085 | D:5      | Found a deep blue altar of Sif Muna.
  3557 | D:6      | Got a heavily runed leather armour
  3568 | D:6      | Identified the +2 leather armour of Dysoomewk {rPois} (You
                  | found it on level 6 of the Dungeon)
  3745 | D:6      | Noticed Redear's ghost (novice FeFi)
  3861 | D:6      | Found an ancient bone altar of Kikubaaqudgha.
  4006 | D:6      | Reached XP level 8. HP: 46/69 MP: 7/7
  4008 | D:6      | Found a shattered altar of Ashenzari.
  4010 | D:6      | Found a shimmering altar of Xom.
  4079 | D:6      | Reached skill level 8 in Axes
  4090 | D:6      | Found a runed translucent gate.
  4090 | D:6      | Found a runed translucent gate.
  4091 | D:6      | Found a runed translucent gate.
  4278 | D:6      | Noticed Edmund
  4287 | D:6      | Killed Edmund
  4287 | D:6      | Reached skill level 5 in Armour
  4433 | D:7      | Found a blossoming altar of Fedhas.
  4792 | D:7      | Reached * piety under Cheibriados
  4838 | D:7      | Found a staircase to the Ecumenical Temple.
  4845 | Temple   | Entered the Ecumenical Temple
  5320 | D:8      | Reached skill level 9 in Axes
  5344 | D:8      | Found a runed translucent gate.
  5344 | D:8      | Found a runed translucent gate.
  5344 | D:8      | Found a runed translucent gate.
  5353 | D:8      | Noticed xeno23's ghost (journeyman OpAs)
  5407 | D:8      | Found Xicoa's Magic Scroll Shoppe.
  5408 | D:8      | Found Uweih's Food Boutique.
  5417 | D:8      | Noticed a two-headed ogre
  5419 | D:8      | Bought a scroll of magic mapping for 52 gold pieces
  5419 | D:8      | Bought a scroll of fear for 52 gold pieces
  5419 | D:8      | Bought a scroll of identify for 30 gold pieces
  5420 | D:8      | Found Jieh's Antique Armour Shop.
  5434 | D:8      | Killed a two-headed ogre
  5434 | D:8      | Reached skill level 10 in Axes
  5434 | D:8      | Reached XP level 9. HP: 27/79 MP: 8/8
  5486 | D:8      | Found a flagged portal.
  5537 | Bailey   | Entered a bailey
  5688 | Bailey   | Reached ** piety under Cheibriados
  5946 | Bailey   | Reached skill level 1 in Invocations
  5956 | Bailey   | Reached skill level 11 in Axes
  6235 | D:8      | Killed xeno23's ghost
  6235 | D:8      | Reached *** piety under Cheibriados
  6235 | D:8      | Reached XP level 10. HP: 57/88 MP: 10/10
  6612 | D:8      | Found Sizevyi's Assorted Antiques.
  6885 | D:9      | Noticed a gargoyle
  6889 | D:9      | Noticed a brown ugly thing
  6889 | D:9      | Killed a gargoyle
  7208 | D:9      | Reached skill level 12 in Axes
  7210 | D:9      | Killed a brown ugly thing
  7248 | D:9      | Reached **** piety under Cheibriados
  7451 | D:9      | Killed an unseen horror
  7465 | D:9      | Identified the ring of the Morning {Fire rElec Str+4 Dex+4}
  7466 | D:9      | Identified the amulet of Feinkat {Faith +Fly}
  7509 | D:9      | Killed an unseen horror
  7522 | D:9      | Identified the ring "Wumoi" {*Drain rC+++ Int-5 Dex+5
                  | Slay+6}
  7545 | D:9      | Reached XP level 11. HP: 78/97 MP: 13/13
  7694 | D:9      | Got a fine lead ring
  7714 | D:9      | Identified the ring of Qaocicun {+Fly rF+ Int+4 Slay+2}
                  | (You found it on level 9 of the Dungeon)
  7751 | D:9      | Found a stormy altar of Qazlal.
  7778 | D:9      | Found a staircase to the Lair.
  7800 | D:10     | Entered Level 10 of the Dungeon
  7888 | D:10     | Reached ***** piety under Cheibriados
  7904 | D:10     | Reached skill level 13 in Axes
  8145 | D:10     | Killed an unseen horror
  8617 | D:10     | Noticed a cyan ugly thing
  8626 | D:10     | Killed a cyan ugly thing
  8626 | D:10     | Reached skill level 5 in Invocations
  8801 | D:11     | Found Oralu's Distillery.
  8905 | D:11     | Reached skill level 10 in Fighting
  8926 | D:11     | Bought a potion of lignification for 51 gold pieces
  8926 | D:11     | Bought a potion of degeneration for 17 gold pieces
  8997 | D:11     | Noticed a purple ugly thing
  9004 | D:11     | Killed a purple ugly thing
  9200 | D:12     | Reached skill level 14 in Axes
  9210 | D:12     | Reached ****** piety under Cheibriados
  9236 | D:12     | Reached XP level 12. HP: 103/106 MP: 15/15
  9242 | D:12     | Reached skill level 10 in Armour
  9442 | D:12     | Found a staircase to the Orcish Mines.
  9535 | D:12     | Reached skill level 10 in Dodging
  9616 | D:12     | Noticed Urug
  9625 | D:12     | Killed Urug
 10180 | D:13     | Noticed Sonja
 10184 | D:13     | Noticed Sonja
 10184 | D:13     | Sonja changed into Sonja the polar bear
 10187 | D:13     | Killed Sonja the polar bear
 10195 | D:13     | Reached skill level 15 in Axes
 10483 | D:13     | Found a gate to the Vaults.
 10483 | D:13     | Noticed a vault guard
 10483 | D:13     | Noticed a vault guard
 10495 | D:13     | Killed a vault guard
 10495 | D:13     | Killed a vault guard
 10495 | D:13     | Reached XP level 13. HP: 96/116 MP: 17/17
 10543 | D:13     | Noticed Nessos
 10549 | D:13     | Killed Nessos
 10734 | D:13     | Noticed Snorg
 10743 | D:13     | Killed Snorg
 11150 | D:13     | Found an opulent altar of Gozag.
 11431 | D:14     | Reached skill level 16 in Axes
 11502 | D:14     | Noticed Frances
 11510 | D:14     | Noticed an eidolon
 11663 | D:14     | Found a runed translucent door.
 11944 | D:14     | Noticed feelmyfire's ghost (journeyman MiWr)
 12324 | D:14     | Killed Frances
 12362 | D:14     | Reached XP level 14. HP: 94/127 MP: 19/19
 12425 | D:14     | Reached skill level 17 in Axes
 13048 | Orc:1    | Entered Level 1 of the Orcish Mines
 13136 | Orc:1    | Noticed an orc warlord
 13162 | Orc:1    | Killed an orc warlord
 13574 | Orc:2    | Entered Level 2 of the Orcish Mines
 13642 | Orc:2    | Killed from afar by an orc priest

Levels and vault maps discovered:
D:1:      wander_arrival_desolate, layout_basic, lexackson_kobold_supper
D:2:      layout_loops_cross
D:3:      layout_rooms, lemuel_round_altar, makhleb_heckhound_becter,
          gammafunk_temple_overflow_statue, gup_sewer_entry_glass,
          chequers_serial_rivers_micro_c
D:4:      gammafunk_wand_slinger, layout_loops_ring, kennysheep_little_box,
          uniq_menkaure
D:5:      cheibrodos_helix_gallery, layout_basic, kennysheep_slug_shrine,
          lemuel_round_altar, first_ration
D:6:      layout_loops_ring, grunt_temple_overflow_open, gammafunk_ghost_icy,
          basic_altar, uniq_edmund
D:7:      layout_loops_corners, fedhas_altar_2, minmay_temple_entry_junction
D:8:      layout_rooms, gammafunk_ghost_nasty_kobolds, enter_bailey_6,
          serial_shops, shop, kennysheep_mini_moat, nicolae_shop_statue_plus,
          shop
D:9:      minmay_the_grid_triangle_9x9_rhombus_thin_mashed
          [minmay_the_grid_triangle_9x9_sparse_checkered,
          minmay_the_grid_triangle_9x9_prize_special,
          minmay_the_grid_triangle_9x9_empty,
          minmay_the_grid_triangle_9x9_thin_v], layout_rooms,
          lemuel_coloured_pillars_altar, lair_entry_dummy
D:10:     layout_loops_ring
D:11:     layout_cross, serial_shops, shop
D:12:     layout_basic, special_room [special_room_bee], grunt_pizzeria,
          uniq_urug
D:13:     layout_roguey, grunt_vaults_entry_tiered, basic_altar, uniq_sonja,
          uniq_nessos, uniq_snorg
D:14:     hangedman_screamer, layout_basic, ebering_ghost_reflecting_pool,
          hangedman_abyss_or_decor_slice, minivault_16
Temple:   minmay_temple_curvy_loop
Orc:1:    layout_diamond_mine
Orc:2:    st_orc_mages, layout_diamond_mine, lightli_volcano_entry_magma_tube,
          mines2_lemuel
Sewer:    sewer_frog_island_02
Bailey:   bailey_axe_1, bailey

Skill      XL: |  1  2  3  4  5  6  7  8  9 10 11 12 13 14 |
---------------+-------------------------------------------+-----
Axes           | 4 5 6 7 10 11 12 14 15 16 17 | 17.5
Armour         | 1 2 3 4 6 7 8 9 11 12 | 12.6
Fighting       | 3 4 5 7 8 9 10 11 12 | 12.9
Dodging        | 4 5 7 8 9 10 11 12 | 12.1
Invocations    | 2 4 5 7 8 9 |  9.2
Throwing       | |  2.0

Action                   |  1- 3 |  4- 6 |  7- 9 | 10-12 | 13-15 || total
-------------------------+-------+-------+-------+-------+-------++-------
Melee: War axe           |    43 |   132 |   227 |   383 |   286 ||  1071
       Headbutt          |     8 |    21 |    58 |   134 |   110 ||   331
Throw: Throwing net      |       |     1 |     1 |     3 |       ||     5
       Tomahawk          |       |       |    33 |     8 |       ||    41
Evoke: Wand              |       |       |     4 |     1 |       ||     5
  Use: Scroll            |     1 |       |    16 |     4 |     6 ||    27
       Potion            |       |       |     7 |     4 |     6 ||    17
 Stab: Sleeping          |       |     1 |       |     3 |       ||     4
       Held in net/web   |       |     1 |       |       |       ||     1
       Distracted        |       |       |       |     2 |       ||     2
  Eat: Chunk             |       |     4 |     9 |     7 |     5 ||    25
       Ration            |       |       |     1 |       |       ||     1
Armor: Leather armour    |    14 |    35 |    38 |    37 |       ||   124
       Chain mail        |       |       |    11 |    37 |    48 ||    96
Dodge: Dodged            |    40 |   119 |   239 |   372 |   253 ||  1023
Block: Buckler           |       |       |       |   104 |    60 ||   164

Table legend:
 A = Non-vault XP
 B = Vault XP
 C = Vault XP percentage of total XP
 D = Non-vault monster count
 E = Vault monster count
 F = Vault count percentage of total count
                 A         B        C        D         E       F
            +---------+---------+-------+---------+---------+-------
      Total |   40415 |   41349 |  50.6 |     304 |     221 |  42.1
            +---------+---------+-------+---------+---------+-------
        D:1 |       1 |       0 |   0.0 |       1 |       0 |   0.0
        D:2 |       2 |       0 |   0.0 |       1 |       0 |   0.0
        D:3 |      35 |      85 |  70.8 |      12 |       6 |  33.3
        D:4 |     402 |     172 |  30.0 |      17 |       1 |   5.6
        D:5 |     162 |       8 |   4.7 |       7 |       2 |  22.2
        D:6 |     420 |     157 |  27.2 |      16 |       1 |   5.9
        D:7 |     390 |       0 |   0.0 |       9 |       0 |   0.0
        D:8 |    2232 |    1623 |  42.1 |      30 |       8 |  21.1
        D:9 |    1366 |    3029 |  68.9 |      26 |      14 |  35.0
       D:10 |    4738 |       0 |   0.0 |      30 |       0 |   0.0
       D:11 |    4165 |       0 |   0.0 |      24 |       0 |   0.0
       D:12 |    5039 |    2671 |  34.6 |      32 |      14 |  30.4
       D:13 |    6016 |   10941 |  64.5 |      28 |      28 |  50.0
       D:14 |   11143 |   17372 |  60.9 |      33 |      32 |  49.2
      Orc:1 |    4138 |       0 |   0.0 |      37 |       0 |   0.0
      Orc:2 |     166 |    4224 |  96.2 |       1 |      27 |  96.4
      Sewer |       0 |     309 | 100.0 |       0 |      56 | 100.0
     Bailey |       0 |     758 | 100.0 |       0 |      32 | 100.0
            +---------+---------+-------+---------+---------+-------
